 Dungeon Crawl Stone Soup version 0.28.0-53-g5a82cb258f (webtiles) character file.

Game seed: 11505366511549259344

1419 Peloso the Carver (level 8, -1/106 HPs)
             Began as a Minotaur Fighter on June 20, 2022.
             Killed from afar by Dowan (6 damage)
             ... with a stone arrow
             ... on level 5 of the Dungeon.
             The game lasted 00:09:34 (5934 turns).

Peloso the Carver (Minotaur Fighter)                Turns: 5934, Time: 00:09:35

Health: -1/106     AC: 24    Str: 20    XL:     8   Next: 43%
Magic:  7/7        EV:  2    Int:  5    God:
Gold:   220        SH:  5    Dex: 13    Spells: 7/7 levels left

rFire   . . .      SeeInvis .   a - +1 long sword
rCold   + . .      Faith    .   c - +0 buckler
rNeg    . . .      Spirit   .   (armour currently unavailable)
rPois   +          Reflect  .   (helmet currently unavailable)
rElec   .          Harm     .   (cloak currently unavailable)
rCorr   .          Rampage  .   (gloves currently unavailable)
Will    .....      NoTele   +   (boots currently unavailable)
Stlth   +.........              (no amulet)
HPRegen 0.27/turn               p - ring of protection from cold
MPRegen 0.10/turn               (no ring)

@: tree-form (expiring), invisible
A: stationary, stasis, torment immunity, boosted hp, (horns 2), (retaliatory
headbutt)
a: no special abilities


You were on level 5 of the Dungeon.
You were a tree.
You visited 1 branch of the dungeon, and saw 5 of its levels.
You also visited: Sewer.

You collected 220 gold pieces.

Inventory:

Hand Weapons
 a - a +1 long sword (weapon)
Missiles
 j - 2 throwing nets (quivered)
Armour
 b - a +0 scale mail
 c - a +0 buckler (worn)
 h - a +0 plate armour
 m - a +0 cloak (melded)
 r - a +3 chain mail (melded)
 y - the +2 leather armour of Nakif {Drain rF++ Int+9}
   (You found it on level 5 of the Dungeon)

   Int:       It affects your intelligence (+9).
   rF:        It greatly protects you from fire.
   Drain:     It drains your maximum health when unequipped.
Jewellery
 p - a ring of protection from cold (left branch)
 w - an amulet of magic regeneration
 x - a ring of magical power
Wands
 i - a wand of flame (23)
 n - a wand of digging (4)
 o - a wand of acid (12)
Scrolls
 e - 2 scrolls of teleportation
 g - 3 scrolls of silence
 q - a scroll of enchant weapon
Potions
 d - 3 potions of might
 f - a potion of mutation {unknown}
 k - a potion of attraction {unknown}
 l - a potion of lignification
 s - a potion of magic
 u - a potion of brilliance {unknown}
 v - a potion of resistance {unknown}
 z - a potion of heal wounds {unknown}


   Skills:
 + Level 6.9 Fighting
 + Level 8.4 Long Blades
 + Level 7.4 Armour
 + Level 1.6 Dodging
 + Level 0.1 Stealth
 + Level 4.7 Shields


You had 7 spell levels left.
You didn't know any spells.
Your spell library contained the following spells:

 Spells                   Type           Power      Damage    Failure   Level
 Gell's Gravitas          Tloc           0%         N/A       90%         3
 Teleport Other           Tloc           0%         N/A       90%         3
 Dispersal                Tloc           0%         N/A       100%        6


Dungeon Overview and Level Annotations

Branches:
Dungeon (5/15)             Temple (0/1) D:5           Sewer (visited)

Altars:

Annotations:
D:5 Dowan


Innate Abilities, Weirdness & Mutations

You are a tree.
Your roots penetrate the ground, keeping you stationary.
You cannot be teleported.
You are immune to unholy pain and torment.
Your maximum health is greatly increased.
Your equipment is partially melded.
((You have a pair of horns on your head.))
((You reflexively headbutt those who attack you in melee.))


Message History

Duvessa hits you but does no damage. Duvessa hits you with a +0 short sword.
* * * LOW HITPOINT WARNING * * *
Dowan completely misses you.
Unknown command.
You hit Duvessa but do no damage.
Duvessa is almost dead.
Duvessa hits you with a +0 short sword.
* * * LOW HITPOINT WARNING * * *
Dowan hits you but does no damage.
Unknown command.
You slash Duvessa!
You kill Duvessa!
Dowan screams, "No!
Oh no!"
Dowan seems to find hidden reserves of power!
Dowan hits you but does no damage.
Unknown command.
You miss Dowan.
Dowan points at you and mumbles some strange words.
The shard of ice hits you! You partially resist.
* * * LOW HITPOINT WARNING * * *
Dowan barely misses you.
You hit Dowan.
Dowan is lightly wounded.
You block Dowan's attack.
You barely miss Dowan.
Dowan is lightly wounded.
Dowan hits you with a +0 dagger.
* * * LOW HITPOINT WARNING * * *
Dowan hits you but does no damage.
It was a potion of magic.
Magic courses through your body. Dowan hits you but does no damage.
It was a potion of invisibility.
You fade into invisibility!
Dowan barely misses you. Dowan hits you but does no damage.
You slash Dowan!
Dowan is severely wounded.
Your transformation is almost over.
Dowan casts a spell at you. The stone arrow hits you.
You die...

######...###
#..#..)##
#..###)[###
#.## ##)..##
#.# ###..###
#.# ###..##
#.# ##..###
##)# ###..#
#♣## ##..
#e# ### #.#
# #.# ##
##.# #. #.##
##. ### #.#
#.. #.## #.#
#.. #.[#
##.# #..


You could see Dowan (fast).

Vanquished Creatures
  Duvessa (D:5)
  A water moccasin (D:5)
  2 necrophages
  A centaur (D:5)
  3 scorpions
  A water moccasin zombie (D:3)
  A water moccasin skeleton (D:4)
  A bullfrog zombie (D:5)
  A hound (D:5)
  3 jellies (Sewer)
  2 gnoll shamans
  Ijyb (D:5)
  2 iguanas
  3 hound skeletons
  Robin (D:3)
  10 adders
  8 gnolls
  A howler monkey skeleton (D:4)
  3 river rats
  An ufetubus (D:5)
  4 worms
  A dart slug (D:3)
  6 orcs
  8 ball pythons
  12 endoplasms
  5 giant cockroaches
  18 goblins
  5 hobgoblins (D:2)
  4 quokkas
  7 bats
  7 frilled lizards
  7 kobolds
  11 rats
142 creatures vanquished.

Notes
Turn   | Place    | Note
-------+----------+-------------------------------------------
     0 | D:1      | Peloso the Minotaur Fighter began the quest for the Orb.
     0 | D:1      | Reached XP level 1. HP: 19/19 MP: 0/0
   225 | D:1      | Reached XP level 2. HP: 27/27 MP: 1/1
   327 | D:1      | Found a faded altar of an unknown god.
   949 | D:2      | Reached XP level 3. HP: 9/33 MP: 2/2
  1210 | D:2      | Reached skill level 3 in Long Blades
  1826 | D:2      | Reached XP level 4. HP: 35/40 MP: 3/3
  2052 | D:3      | Reached skill level 5 in Armour
  2264 | D:3      | Noticed Robin
  2273 | D:3      | Reached skill level 4 in Long Blades
  2273 | D:3      | Reached XP level 5. HP: 37/47 MP: 4/4
  2287 | D:3      | Killed Robin
  3207 | D:4      | Reached skill level 5 in Long Blades
  3209 | D:4      | Reached XP level 6. HP: 28/53 MP: 5/5
  3238 | D:4      | Reached skill level 1 in Dodging
  3524 | D:4      | Reached skill level 6 in Long Blades
  3551 | D:4      | Reached skill level 5 in Fighting
  3683 | D:4      | Reached XP level 7. HP: 49/62 MP: 6/6
  4537 | D:5      | Entered Level 5 of the Dungeon
  4538 | D:5      | Noticed Ijyb
  4545 | D:5      | Killed Ijyb
  4735 | D:5      | Found a staircase to the Ecumenical Temple.
  4768 | D:5      | Found a glowing drain.
  4785 | D:5      | Reached skill level 7 in Long Blades
  4823 | Sewer    | Entered a sewer
  5294 | Sewer    | Reached XP level 8. HP: 61/71 MP: 7/7
  5348 | Sewer    | Found a viscous altar of Jiyva.
  5860 | D:5      | Identified the +2 leather armour of Nakif {Drain rF++
                  | Int+9}
  5879 | D:5      | Noticed Dowan
  5881 | D:5      | Noticed Duvessa
  5911 | D:5      | Reached skill level 8 in Long Blades
  5928 | D:5      | Killed Duvessa
  5929 | D:5      | HP: 5/106 [Dowan/shard of ice (8)]
  5934 | D:5      | Killed from afar by Dowan

Illustrated notes

Levels and vault maps discovered:
D:1:      ncdulo_wetmaze, layout_rooms, ebering_ecumenical_altar_webs
D:2:      layout_basic
D:3:      layout_basic, minmay_misc_feat_alley, uniq_robin
D:4:      minmay_general_purpose_star, layout_basic, serial_rivers,
          chequers_serial_rivers_micro_d, chequers_serial_rivers_large_a,
          chequers_serial_rivers_room_a, chequers_serial_rivers_micro_e,
          chequers_serial_rivers_micro_a
D:5:      layout_cave_pods, temple_green, portal_sewer_entry_c,
          chequers_serial_rivers_micro_d, uniq_ijyb, uniq_duvessa

Skill      XL: |  1  2  3  4  5  6  7  8 |
---------------+-------------------------+-----
Fighting       | 4 5 6 |  6.9
Armour         | 4 5 7 |  7.4
Long Blades    | 3 4 5 6 7 8 |  8.4
Shields        | 4 |  4.7
Dodging        | 1 |  1.6
Stealth        | |  0.1

Action                   |  1- 3 |  4- 6 |  7- 9 || total
-------------------------+-------+-------+-------++-------
Melee: Long sword        |   110 |   143 |   162 ||   415
       Headbutt          |    10 |    25 |    24 ||    59
  Use: Scroll            |     2 |     3 |     1 ||     6
       Potion            |       |     1 |     3 ||     4
Armor: Scale mail        |    29 |       |       ||    29
       Plate armour      |    41 |    95 |    12 ||   148
       Chain mail        |       |       |    85 ||    85
       Skin              |       |       |    10 ||    10
Dodge: Dodged            |    39 |    31 |    58 ||   128
Block: Buckler           |    40 |    25 |    37 ||   102
